 Dungeon Crawl Stone Soup version 0.30.1-4-g462c640d31 (webtiles) character file.

Game seed: 8333143666387876973

454 chipoyan the Ruffian (level 6, -2/61 HPs)
             Began as a Troll Fighter on Aug 15, 2023.
             Slain by a gnoll
             ... wielding a +0 spear
             ... led by a gnoll bouda
              (7 damage)
             ... on level 5 of the Dungeon.
             The game lasted 00:11:05 (2925 turns).

chipoyan the Ruffian (Troll Fighter)                Turns: 2925, Time: 00:11:06

Health: -2/61      AC:  4    Str: 25    XL:     6   Next: 76%
Magic:  5/5        EV:  9    Int:  4    God:
Gold:   210        SH:  8    Dex: 11    Spells: 5/5 levels left

rFire   . .          .
                       - Unarmed
rCold   . . .        b - +0 kite shield
rNeg    . . .        a - +0 robe
rPois   .            (helmet restricted)
rElec   .            (no cloak)
rCorr   +            (gloves unavailable)
SInv    .            (boots unavailable)
Will    .....        (no amulet)
Stlth   +            p - ring of resist corrosion
HPRegen 1.10/turn    (no ring)
MPRegen 0.09/turn

%: no passive effects
@: mighty
A: large, unfitting armour, claws 3, regeneration 1, shaggy fur 1, tough skin 1
a: no special abilities


You were on level 5 of the Dungeon.
You visited 1 branch of the dungeon, and saw 5 of its levels.

You collected 210 gold pieces.

Inventory:

Armour
 a - a +0 robe (worn)
 b - a +0 kite shield (worn)
 l - an orb of light
Jewellery
 p - a ring of resist corrosion (left claw)
Scrolls
 d - 6 scrolls of identify {unknown}
 e - 2 scrolls of fog {unknown}
 g - a scroll of butterflies {unknown}
 h - 2 scrolls of fear {unknown}
 k - a scroll of enchant armour {unknown}
 m - a scroll of torment {unknown}
 n - 3 scrolls of teleportation {unknown}
 o - a scroll of amnesia {unknown}
 q - a scroll of immolation {unknown}
 t - a scroll of vulnerability {unknown}
Potions
 c - a potion of might
 f - a potion of brilliance {unknown}
 j - a potion of resistance {unknown}
 r - a potion of mutation {unknown}
 s - a potion of magic {unknown}
 u - a potion of haste {unknown}


   Skills:
 + Level 3.4 Fighting
 - Level 2.4 Dodging
 + Level 3.8 Shields
 * Level 5.9 Unarmed Combat


You had 5 spell levels left.
You didn't know any spells.
Your spell library contained the following spells:

 Spells                   Type           Power      Damage    Failure   Level
 Malign Gateway           Summ/Tloc      0%         N/A       100%        7
 Summon Horrible Things   Summ           0%         N/A       100%        8


Dungeon Overview and Level Annotations

Branches:
Dungeon (5/15)
 Temple: D:4-7

Altars:
Cheibriados
Wu Jian

Shops:
D:3 [


Innate Abilities, Weirdness & Mutations

You are too large for most types of armour.
You have claws for hands.
Your natural rate of healing is unusually fast.
You are covered in fur. (AC +1)
You have tough skin. (AC +1)


Message History

You claw the gnoll bouda!
The gnoll bouda is severely wounded.
The jelly hits you but does no damage. The gnoll hits you with a +0 halberd!
The gnoll hits you from afar with a +0 spear.
You scratch the gnoll bouda.
You kill the gnoll bouda!
You block the jelly's attack. The gnoll barely misses you.
The gnoll hits you from afar with a +0 spear.
You barely miss the jelly. You block the jelly's attack.
You block the gnoll's attack.
You claw the jelly!
Your claws burn!
The jelly is severely wounded.
The jelly hits you but does no damage. You block the gnoll's attack.
The gnoll closely misses you.
You barely miss the jelly.
The jelly is heavily wounded.
The jelly barely misses you. The gnoll hits you with a +0 halberd!
You block the gnoll's attack.
You claw the jelly!
You kill the jelly!
The gnoll hits you with a +0 halberd! You block the gnoll's attack.
You are too injured to fight recklessly!
You are too injured to fight recklessly!
You are too injured to fight recklessly!
You are too injured to fight recklessly!
You claw the gnoll!
The gnoll is severely wounded.
The gnoll hits you with a +0 halberd!
The gnoll hits you from afar with a +0 spear.
* * * LOW HITPOINT WARNING * * *
You barely miss the gnoll.
The gnoll is severely wounded.
The gnoll hits you with a +0 halberd!
* * * LOW HITPOINT WARNING * * *
You block the gnoll's attack.
You completely miss the gnoll.
The gnoll is severely wounded.
The gnoll hits you but does no damage.
The gnoll hits you from afar with a +0 spear!
You die...

.. oo #.# .# # #.
.##.##. .##.##. .....
.......##### #...#
#.g...# #...#
.g.g...###g# #...#
.gg.... #.# #...#
.J#.#..###.####...######
.
#.........g.@.......<##
##.#....)).g.........#
#.#.##............<.#
..#. #####......###.....
# #....#.# ##.#..
#.......# .# #.....#.# .
####..#.# .. #.....


You could see 2 gnolls.

Vanquished Creatures
  An ogre (D:5)
  A jelly (D:5)
  2 orc priests
  A gnoll bouda (D:5)
  An iron imp (D:3)
  2 orc wizards
  A gnoll (D:5)
  3 adders
  5 worms
  7 dart slugs
  10 orcs
  8 endoplasms
  A giant cockroach (D:3)
  8 goblins
  7 hobgoblins
  11 jackals
  2 quokkas
  5 ball pythons
  3 bats (D:1)
  4 frilled lizards
  10 kobolds
  8 rats
101 creatures vanquished.

Notes
Turn   | Place    | Note
-------+----------+-------------------------------------------
     0 | D:1      | chipoyan the Troll Fighter began the quest for the Orb.
     0 | D:1      | Reached XP level 1. HP: 22/22 MP: 0/0
   158 | D:1      | Reached XP level 2. HP: 29/29 MP: 1/1
   223 | D:1      | Reached skill level 3 in Unarmed Combat
   598 | D:1      | Reached XP level 3. HP: 32/36 MP: 2/2
   838 | D:2      | Reached skill level 4 in Unarmed Combat
   851 | D:2      | Found a faded altar of an unknown god.
  1121 | D:2      | Reached XP level 4. HP: 43/44 MP: 3/3
  1510 | D:2      | Found an ornate altar of the Wu Jian Council.
  1935 | D:3      | Reached XP level 5. HP: 24/52 MP: 4/4
  2101 | D:3      | Found Paffimiosch's Armour Emporium.
  2151 | D:3      | Found a snail-covered altar of Cheibriados.
  2342 | D:4      | Reached skill level 5 in Unarmed Combat
  2822 | D:4      | Reached XP level 6. HP: 59/61 MP: 5/5
  2837 | D:5      | Entered Level 5 of the Dungeon
  2925 | D:5      | Slain by a gnoll

Illustrated notes

Levels and vault maps discovered:
D:1:      dpeg_cavernosity, layout_basic
D:2:      minmay_door_path, layout_basic, basic_altar,
          shapermc_ecumenical_altar_mp_ritualfount
D:3:      layout_basic, slow_altar_2, serial_shops, nicolae_diamond_shop
D:4:      layout_basic
D:5:      layout_loops_cross, pdpol_wu_jian_five_deadly_venoms,
          lemuel_coloured_pillars_altar, amcnicky_altar_gilded,
          ebering_ghost_disaster_area

Skill      XL: |  1  2  3  4  5 |
---------------+----------------+-----
Unarmed Combat | 3 4 5 |  5.9
Shields        | 3 |  3.8
Fighting       | 3 |  3.4
Dodging        | |  2.4

Action                     |  1- 3 |  4- 6 || total
---------------------------+-------+-------++-------
  Melee: Unarmed           |    88 |   165 ||   253
    Use: Potion            |       |     3 ||     3
   Stab: Sleeping          |     2 |     1 ||     3
 Armour: Robe              |    17 |    42 ||    59
  Dodge: Dodged            |    20 |    47 ||    67
  Block: Kite shield       |    22 |    60 ||    82
